 Dungeon Crawl Stone Soup version 0.28-a0-1080-g05a166d0ed (webtiles) character file.

Game seed: 16814811674103986784

175 yoda5477 the Chopper (level 5, -1/41 HPs)
             Began as a Demonspawn Fighter on Dec 9, 2021.
             Was a Follower of Wu Jian.
             Succumbed to an orc wizard's poison
             ... on level 2 of the Dungeon.
             The game lasted 00:10:16 (2710 turns).

yoda5477 the Chopper (Demonspawn Fighter)           Turns: 2710, Time: 00:10:17

Health: -1/41      AC:  6    Str: 18    XL:     5   Next: 29%
Magic:  5/5        EV:  9    Int: 10    God:    Wu Jian [*.....]
Gold:   127        SH:  0    Dex: 12    Spells: 4/4 levels left

rFire   . . .      SeeInvis .   a - +0 war axe
rCold   . . .      Faith    .   c - +0 buckler
rNeg    . . .      Spirit   .   b - +0 scale mail
rPois   .          Reflect  .   (no helmet)
rElec   .          Harm     .   (no cloak)
rCorr   .          Rampage  .   (no gloves)
Will    .....                   (no boots)
Stlth   ..........              (no amulet)
HPRegen 0.13/turn               (no ring)
MPRegen 0.09/turn               (no ring)

@: confused, lethally poisoned (-1 -> -20)
A: demonic guardian 1, powered by death 1, weakness stinger 1
a: Renounce Religion


You were on level 2 of the Dungeon.
You worshipped Wu Jian.
Wu Jian was aware of your devotion.
You visited 1 branch of the dungeon, and saw 6 of its levels.

You collected 127 gold pieces.

Inventory:

Hand Weapons
 a - a +0 war axe (weapon)
Missiles
 f - 69 stones
 j - 12 bolts
 m - 12 poisoned darts (quivered)
 q - 9 arrows
Armour
 b - a +0 scale mail (worn)
 c - a +0 buckler (worn)
Wands
 o - a wand of flame (22)
Scrolls
 h - 2 scrolls of teleportation {unknown}
 i - a scroll of enchant armour {unknown}
 p - a scroll of identify {unknown}
 r - a scroll of immolation {unknown}
 s - a scroll of enchant weapon {unknown}
Potions
 d - a potion of might
 e - a potion of curing {unknown}
 g - 2 potions of haste {unknown}
 k - a potion of lignification {unknown}
 l - a potion of degeneration {unknown}
 n - a potion of heal wounds {unknown}


   Skills:
 - Level 3.0 Fighting
 * Level 4.7 Axes
 - Level 2.6 Armour
 + Level 0.1 Stealth
 + Level 3.1 Shields


You had 4 spell levels left.
You didn't know any spells.
Your spell library contained the following spells:

 Spells                   Type           Power      Damage    Failure   Level
 Gell's Gravitas          Tloc           0%         N/A       99%         3
 Lesser Beckoning         Tloc           0%         N/A       99%         3
 Teleport Other           Tloc           0%         N/A       99%         3


Dungeon Overview and Level Annotations

Branches:
Dungeon (6/15)
 Temple: D:4-7

Altars:
Trog
Wu Jian


Innate Abilities, Weirdness & Mutations

A weak demonic guardian rushes to your aid.
You regenerate a little health from kills.
You have a small tail.


Message History

You climb downwards.
A magic dart appears from out of thin air!
Deactivating autopickup; reactivate with Ctrl-A.
The magic dart hits you!
There is a stone staircase leading up, spattered with blood here.
Something hits you.
You miss something. Something hits you but does no damage.
You are poisoned.
You hear some strange, mumbled words.
Something tries to affect you, but you resist.
You closely miss something.
You feel sick. Something completely misses you.
You barely miss something.
You feel sick. Something hits you but does no damage.
You miss something.
You feel sick.
You hear some strange, mumbled words.
A puff of flame appears from out of thin air!
The puff of flame hits you! Something hits you.
You are more poisoned.
You feel sick.
There is a stone staircase leading up, spattered with blood here.
You feel sick.
You hear some strange, mumbled words.
You are confused.
You climb upwards.
Reactivating autopickup.
You feel very sick.
There is a stone staircase leading down, spattered with blood here.
You bump into the rock wall.
You feel sick. Something hits you but does no damage.
You are lethally poisoned!
Deactivating autopickup; reactivate with Ctrl-A.
* * * LOW HITPOINT WARNING * * *
You feel very sick.
You see here a bat skeleton.
You bump into the rock wall.
* * * LOW HITPOINT WARNING * * *
You feel sick. Something hits you.
* * * LOW HITPOINT WARNING * * *
A demonic guardian appears!
You are more poisoned.
You die...

.# #.# ### #.# .# #.#
##.## #.# .#
#.######...## #.#
.####...........# #.#
......######...######.#
#####.# ##.##......#
#.# #.##.######
#####.#######.##5#
............#)##@#
............#.##รท#
####..........##>#
#..#.....####)#
####..#.....####.#
......#..........#
#####.#.########## ##
##.#.# .###....#


You could see a friendly white imp (summoned, wandering).

Vanquished Creatures
  Ijyb (D:3)
  Natasha (D:2)
  4 adders
  A worm (D:3)
  A dart slug (D:1)
  9 orcs
  2 bats
  6 endoplasms
  A giant cockroach (D:2)
  10 goblins
  5 hobgoblins
  2 jackals (D:3)
  5 kobolds
  2 quokkas
  6 ball pythons
  4 frilled lizards
  3 rats
63 creatures vanquished.

Vanquished Creatures (collateral kills)
  An adder (D:3)
  An orc (D:3)
2 creatures vanquished.

Grand Total: 65 creatures vanquished

Notes
Turn   | Place    | Note
-------+----------+-------------------------------------------
     0 | D:1      | yoda5477 the Demonspawn Fighter began the quest for the
                  | Orb.
     0 | D:1      | Reached XP level 1. HP: 18/18 MP: 1/1
   119 | D:1      | Reached skill level 2 in Axes
   223 | D:1      | Gained mutation: A weak demonic guardian rushes to your
                  | aid. [demonic ancestry]
   223 | D:1      | Reached XP level 2. HP: 24/24 MP: 2/2
   237 | D:1      | Found a faded altar of an unknown god.
   931 | D:1      | Reached XP level 3. HP: 29/29 MP: 3/3
   944 | D:2      | Found an ornate altar of the Wu Jian Council.
   948 | D:2      | Became a worshipper of the Wu Jian Council
  1050 | D:2      | Reached skill level 3 in Axes
  1357 | D:2      | Gained mutation: You regenerate a little health from kills.
                  | [demonic ancestry]
  1357 | D:2      | Reached XP level 4. HP: 21/35 MP: 4/4
  1899 | D:3      | Noticed Natasha
  1914 | D:2      | Killed Natasha
  1915 | D:2      | Reached skill level 4 in Axes
  2073 | D:3      | You fall into a shaft and drop 3 floors!
  2088 | D:6      | Noticed a phantom
  2092 | D:5      | Entered Level 5 of the Dungeon
  2127 | D:4      | Noticed a hornet
  2229 | D:3      | Noticed Ijyb
  2236 | D:3      | Killed Ijyb
  2237 | D:3      | Gained mutation: You have a small tail. [demonic ancestry]
  2237 | D:3      | Reached XP level 5. HP: 24/41 MP: 5/5
  2459 | D:3      | Reached * piety under Wu Jian
  2489 | D:3      | Found a bloodstained altar of Trog.
  2709 | D:2      | HP: 2/41 [something (1)]
  2710 | D:2      | Succumbed to an orc wizard's poison

Illustrated notes

Levels and vault maps discovered:
D:1:      dpeg_arrival_signposts, layout_basic, serial_forest,
          infiniplex_forest_straight_3, infiniplex_forest_clump_small,
          infiniplex_forest_side_room, infiniplex_forest_clump_small,
          infiniplex_forest_lined_corner, infiniplex_forest_lined_corner,
          hellmonk_ecumenical_altar_heavens_door
D:2:      layout_loops_ring, basic_altar
D:3:      layout_loops_ring, bloody_trog, uniq_natasha, uniq_ijyb
D:4:      minmay_clustersquares, layout_basic, serial_undead, serial_undead_d,
          serial_undead_e, serial_undead_d, serial_undead_c, enter_ossuary_2
D:5:      layout_rooms, minmay_temple_entry_arrows, lightli_sewer_entry_pipes,
          uniq_pikel
D:6:      layout_loops_ring, mainiacjoe_overflow_large_starburst,
          nzn_wu_jian_contemplation, chequers_serial_rivers_large_a,
          uniq_eustachio

Skill      XL: |  1  2  3  4 |
---------------+-------------+-----
Axes           | 2 3 4 |  4.7
Shields        | 3 |  3.1
Fighting       | |  3.0
Armour         | |  2.6
Stealth        | |  0.1

Action                   |  1- 3 |  4- 6 || total
-------------------------+-------+-------++-------
Melee: War axe           |   105 |    82 ||   187
       Tailslap          |       |     6 ||     6
Throw: Dart              |       |     6 ||     6
Invok: Lunge             |     5 |     8 ||    13
Armor: Scale mail        |    34 |    32 ||    66
Dodge: Dodged            |    48 |    45 ||    93
Block: Buckler           |    17 |    19 ||    36

Table legend: (Time is in decaauts)
 A = Elapsed time spent in this place.
 B = Non-inter-level travel time spent in this place.
 C = Inter-level travel time spent in this place.
 D = Time resting spent in this place.
 E = Time spent auto-exploring this place.
 F = Levels seen in this place.
 G = Mean time per level.
                   A        B        C        D        E       F      G
               +--------+--------+--------+--------+--------+-----+--------+
         Total |   2788 |   2732 |     56 |    854 |   1151 |   6 |  464.7 |
       Dungeon |   2788 |   2732 |     56 |    854 |   1151 |   6 |  464.7 |
               +--------+--------+--------+--------+--------+-----+--------+

Top non-repeatable levels by time:
     D:2: 1147 daAuts
     D:1: 968 daAuts
     D:3: 524 daAuts
     D:4: 124 daAuts
     D:6: 18 daAuts
     D:5: 3 daAuts
